 Dungeon Crawl Stone Soup version 0.23.0 (webtiles) character file.

Game seed: 5318556087922342047

1895 Mgcat the Cleaver (level 8, -13/68 HPs)
             Began as a Minotaur Skald on Feb 11, 2019.
             Was a Believer of Cheibriados.
             Mangled by an ogre
             ... wielding a +0 giant club
              (16 damage)
             ... on level 6 of the Dungeon.
             The game lasted 00:10:06 (5285 turns).

Mgcat the Cleaver (Minotaur Skald)                  Turns: 5285, Time: 00:10:07

Health: -13/68     AC: 11    Str: 23    XL:     8   Next: 93%
Magic:  17/20      EV: 11    Int: 15    God:    Cheibriados [**....]
Gold:   442        SH:  3    Dex: 15    Spells: 8/9 levels left

rFire    . . .     SeeInvis .   a - +1 hand axe
rCold    . . .     Gourm    .   (no shield)
rNeg     . . .     Faith    .   l - +0 chain mail
rPois    .         Spirit   .   (helmet restricted)
rElec    .         Reflect  +   k - +0 cloak
rCorr    .         Harm     .   (no gloves)
MR       .....                  (no boots)
Stlth    ..........             r - +3 amulet of reflection
HPRegen  0.21/turn              i - ring of magical power {MP+9}
MPRegen  0.17/turn              (no ring)

@: very slow
A: retaliatory headbutt, horns 2
a: Bend Time, Renounce Religion


You were on level 6 of the Dungeon.
You worshipped Cheibriados.
Cheibriados was pleased with you.
You were not hungry.

You visited 1 branch of the dungeon, and saw 6 of its levels.

You collected 442 gold pieces.

Inventory:

Hand Weapons
 a - a +1 hand axe (weapon)
 b - a +2 shortbow of freezing
   (You took it off a centaur on level 5 of the Dungeon)
 s - a +0 war axe
   (You found it on level 6 of the Dungeon)
Missiles
 n - 99 arrows
Armour
 k - a +0 cloak (worn)
   (You found it on level 5 of the Dungeon)
 l - a +0 chain mail (worn)
   (You found it on level 5 of the Dungeon)
Jewellery
 i - a ring of magical power (left hand) {MP+9}
   (You found it on level 2 of the Dungeon)
 r - a +3 amulet of reflection (around neck)
   (You found it on level 6 of the Dungeon)
Wands
 e - a wand of iceblast (6)
   (You found it on level 2 of the Dungeon)
Scrolls
 c - a scroll of fog
 g - 6 scrolls of identify
 h - a scroll of amnesia
 j - 8 scrolls of teleportation
Potions
 f - a potion of cancellation
 m - a potion of ambrosia
 o - a potion of heal wounds
 p - a potion of curing
Comestibles
 d - 8 rations


   Skills:
 - Level 5.0 Fighting
 + Level 8.1 Axes
 - Level 5.5 Armour
 - Level 5.4 Dodging
 - Level 1.3 Spellcasting
 - Level 2.0 Charms
 + Level 5.7 Invocations


You had 8 spell levels left.
You knew the following spells:

 Your Spells              Type           Power        Failure   Level  Hunger
a - Infusion              Chrm           #...         58%         1    ##.....

Your spell library contained the following spells:

 Spells                   Type           Power        Failure   Level  Hunger
 Song of Slaying          Chrm           #.......     73%         2    ###....
 Shroud of Golubria       Chrm/Tloc      #.........   86%         2    ###....
 Regeneration             Chrm/Necr      #.........   97%         3    ####...
 Spectral Weapon          Hex/Chrm       #.......     97%         3    ####...


Dungeon Overview and Level Annotations

Branches:
Dungeon (6/15)             Temple (0/1) D:6

Altars:
Cheibriados
Hepliaklqana
Kikubaaqudgha
Ru
Trog
Xom


Innate Abilities, Weirdness & Mutations

You reflexively headbutt those who attack you in melee.
You have a pair of horns on your head.


Message History

The phantom is severely damaged.
The phantom hits you.
You take 2 damage, and have 59/68 hp.
Spoiler Alert: The phantom can hit for moderate damage in melee and blinks!
You barely miss the phantom.
The phantom is severely damaged.
The phantom blinks!
You feel sick.
The phantom hits you but does no damage.
The phantom hits you.
You take 6 damage, and have 53/68 hp.
Spoiler Alert: The phantom can hit for moderate damage in melee and blinks!
You hit the phantom. Your headbutt misses the phantom.
The phantom is severely damaged.
The phantom hits you but does no damage.
You hit the phantom.
The phantom is severely damaged.
You feel sick.
You take 1 damage, and have 52/68 hp.
Spoiler Alert: The phantom can hit for moderate damage in melee and blinks!
You are feeling hungry.
You hit the phantom. Your headbutt misses the phantom.
The phantom is almost destroyed.
The phantom hits you but does no damage.
You slash the phantom!
You destroy the phantom!
Cheibriados thoroughly appreciates the change of pace.
Your Axes skill increases to level 8!
No target in view!
No target in view!
No target in view!
No target in view!
You feel sick.
You take 1 damage, and have 52/68 hp.
s - a war axe Eating one of 2 chunks of flesh {@w0}.
You eat one of the 2 chunks of flesh {@w0}.
This raw flesh tastes terrible.
You feel sick.
You feel sick.
You feel sick.
You feel sick.
You are no longer poisoned.
All of the chunks of flesh in your inventory have rotted away.
An ogre comes into view. It is wielding a +0 giant spiked club.
The ogre shouts!
An adder comes into view.
You regained 11 hp, and now have 64/68 hp.
Spoiler Alert: The ogre can hit for high damage in melee!
An ogre comes into view. It is wielding a +0 giant club.
The adder hisses angrily.
Warning x2: The ogre can hit for high damage in melee! x2
You slash the adder! You headbutt the adder.
You kill the adder!
Cheibriados appreciates the change of pace.
The ogre hits you with a +0 giant spiked club!!
You take 20 damage, and have 45/68 hp.
MASSIVE DAMAGE!!
You are too injured to fight recklessly!
Warning x2: The ogre can hit for high damage in melee! x2
You are too injured to fight recklessly!
Okay, then.
Unknown command.
Unknown command.
Okay, then.
Unknown command.
Warning x2: The ogre can hit for high damage in melee! x2
Unknown command.
The flow of time bends around you.
Cheibriados rebukes the ogre.
The ogre seems to slow down.
You feel slightly more hungry.
The ogre hits you with a +0 giant spiked club!
You take 8 damage, and have 37/68 hp.
You now have 17/20 mp.
Warning x2: The ogre can hit for high damage in melee! x2
Unknown command.
Unknown command.
Unknown command.
You hit the ogre.
The ogre is lightly wounded.
You hit the ogre. The ogre hits you with a +0 giant club!
You take 13 damage, and have 24/68 hp.
Warning x2: The ogre can hit for high damage in melee! x2
Unknown command.
Unknown command.
Unknown command.
You hit the ogre but do no damage. Your headbutt misses the ogre.
The ogre is lightly wounded.
You barely miss the ogre.
The ogre hits you with a +0 giant spiked club!!
* * * LOW HITPOINT WARNING * * *
You take 21 damage, and have 3/68 hp.
MASSIVE DAMAGE!!
Warning x2: The ogre can hit for high damage in melee! x2
Unknown command.
Unknown command.
Unknown command.
Unknown command.
Okay, then.
Unknown command.
Warning x2: The ogre can hit for high damage in melee! x2
Unknown command.
The ogre hits you with a +0 giant club!
You die...

....... ##.....##
##.......# .........##
.......... ...!.....
......#.## ### ......O..##
##.## .##.#..O@.###...#####
.## ##......#.......#### ..
####...........#..# ..
#.#####..##..#........# ...
##...#......#.#.).....##
...##...........#........##
..................#.....##
.........(..)..#...#....##
..................##....#


You could see 2 ogres.

Vanquished Creatures
  Pikel (D:5)
  Sigmund (D:4)
  A sky beast (D:6)
  2 slaves (D:5)
  A phantom (D:6)
  A centaur (D:5)
  A bullfrog (D:6)
  5 scorpions
  A howler monkey (D:6)
  A bullfrog zombie (D:6)
  A centaur zombie (D:5)
  3 crimson imps
  A jelly (D:3)
  A hound (D:5)
  2 bullfrog skeletons
  An orc wizard (D:3)
  An orc priest (D:3)
  An iguana (D:6)
  3 worker ants
  2 hound skeletons (D:5)
  A howler monkey zombie (D:5)
  2 worker ant zombies (D:5)
  9 adders
  2 shadow imps
  An ooze (D:2)
  A dart slug (D:5)
  7 orcs
  8 bats
  10 giant cockroaches
  10 goblins
  2 hobgoblins
  10 jackals
  9 kobolds
  A ball python (D:2)
  3 frilled lizards
  A jackal skeleton (D:4)
  7 rats
115 creatures vanquished.

Notes
Turn   | Place    | Note
-------+----------+-------------------------------------------
     0 | D:1      | Mgcat the Minotaur Skald began the quest for the Orb.
     0 | D:1      | Reached XP level 1. HP: 18/18 MP: 1/1
   112 | D:1      | Reached XP level 2. HP: 22/25 MP: 3/3
   514 | D:1      | Reached skill level 2 in Armour
   609 | D:2      | Noticed a scorpion
   638 | D:2      | Killed a scorpion
   638 | D:2      | Reached skill level 3 in Fighting
   638 | D:2      | Reached skill level 3 in Axes
   638 | D:2      | Reached skill level 3 in Dodging
   638 | D:2      | Reached XP level 3. HP: 19/31 MP: 4/4
   638 | D:2      | Reached XP level 4. HP: 23/38 MP: 5/5
   794 | D:2      | Found a shimmering altar of Xom.
  1219 | D:2      | Reached skill level 3 in Armour
  1262 | D:3      | Found a snail-covered altar of Cheibriados.
  1279 | D:3      | Became a worshipper of Cheibriados the Contemplative
  1374 | D:3      | Reached XP level 5. HP: 41/46 MP: 6/6
  1422 | D:3      | Reached skill level 4 in Fighting
  1422 | D:3      | Reached skill level 4 in Axes
  2012 | D:3      | Found an ancient bone altar of Kikubaaqudgha.
  2224 | D:4      | Reached * piety under Cheibriados
  2254 | D:4      | Reached skill level 1 in Invocations
  2254 | D:4      | Reached XP level 6. HP: 28/53 MP: 7/7
  2559 | D:4      | Reached skill level 4 in Dodging
  2666 | D:4      | Noticed Sigmund
  2685 | D:4      | HP: 13/53 [something/magic dart (6)]
  2692 | D:4      | HP: 1/53 [something (10)]
  3065 | D:4      | Killed Sigmund
  3065 | D:4      | Reached skill level 4 in Armour
  3065 | D:4      | Reached skill level 2 in Invocations
  3065 | D:4      | Reached XP level 7. HP: 52/60 MP: 8/8
  3069 | D:4      | Found a hazy altar of Hepliaklqana.
  3568 | D:5      | Entered Level 5 of the Dungeon
  3733 | D:5      | Found a sacrificial altar of Ru.
  3736 | D:5      | Noticed Pikel
  3754 | D:5      | HP: 15/60 [Pikel/+2 whip of freezing (3)]
  3995 | D:5      | Reached skill level 5 in Fighting
  3995 | D:5      | Reached skill level 5 in Axes
  4223 | D:5      | Found a bloodstained altar of Trog.
  4345 | D:5      | Killed Pikel
  4345 | D:5      | Reached skill level 6 in Axes
  4345 | D:5      | Reached skill level 5 in Armour
  4345 | D:5      | Reached skill level 5 in Dodging
  4345 | D:5      | Reached skill level 3 in Invocations
  4345 | D:5      | Reached XP level 8. HP: 53/68 MP: 9/9
  4553 | D:5      | Reached ** piety under Cheibriados
  4794 | D:6      | Reached skill level 4 in Invocations
  4841 | D:6      | Reached skill level 7 in Axes
  4925 | D:6      | Found a staircase to the Ecumenical Temple.
  4958 | D:6      | Reached skill level 5 in Invocations
  5213 | D:6      | Reached skill level 8 in Axes
  5284 | D:6      | HP: 3/68 [ogre/+0 giant spiked club (22)]
  5285 | D:6      | Mangled by an ogre

Skill      XL: |  1  2  3  4  5  6  7  8 |
---------------+-------------------------+-----
Armour         | 2 3 4 5 |  5.5
Fighting       | 3 4 5 |  5.0
Axes           | 3 4 6 8 |  8.1
Dodging        | 3 4 5 |  5.4
Invocations    | 1 2 3 5 |  5.7
Spellcasting   | |  1.3
Charms         | |  2.0

Action                   |  1- 3 |  4- 6 |  7- 9 || total
-------------------------+-------+-------+-------++-------
Melee: Hand axe          |    64 |   154 |   225 ||   443
       Headbutt          |     6 |    18 |    44 ||    68
 Fire: Shortbow          |       |       |     9 ||     9
Invok: Bend Time         |       |       |     1 ||     1
  Use: Potion            |     4 |     1 |       ||     5
       Scroll            |       |     2 |     8 ||    10
  Eat: Chunk             |       |     6 |     4 ||    10
Armor: Leather armour    |    10 |       |       ||    10
       Skin              |    12 |       |       ||    12
       Scale mail        |    11 |    64 |    13 ||    88
       Chain mail        |       |       |    98 ||    98
Dodge: Dodged            |    45 |    90 |    91 ||   226
Block: Other             |       |       |     2 ||     2

Levels and vault maps discovered:
D:1:      dpeg_arrival_more_subterranean_lakeside_camping, layout_rooms,
          minmay_split_cup_small
D:2:      layout_basic, xom_teletrap_fun, first_ration
D:3:      cheibrodos_pilgrimage, layout_basic, cheibriados_altar_1,
          lemuel_round_altar
D:4:      layout_loops_corners, lemuel_doored_altar, uniq_sigmund
D:5:      layout_basic, lemuel_round_altar, basic_altar,
          kennysheep_generic_room_5, uniq_pikel
D:6:      layout_cave_pools, minmay_temple_entry_grid, uniq_eustachio

Table legend:
 A = Turns spent in this place as a percentage of turns spent in the entire game.
 B = Non-inter-level travel turns spent in this place as a percentage of non-inter-level travel turns spent in the entire game.
 C = Inter-level travel turns spent in this place as a percentage of turns spent in this place.
 D = Turns resting spent in this place as a percentage of non-inter-level travel turns spent in this place.
 E = Turns spent auto-exploring this place as a percentage of non-inter-level travel turns spent in this place.
 F = Non-inter-level travel turns spent in this place divided by the number of levels of this place that you've seen.
                   A       B       C       D       E      F
               +-------+-------+-------+-------+-------+----------------------
         Total | 100.0 | 100.0 |   2.2 |  18.6 |  65.2 | 861.3
       Dungeon | 100.0 | 100.0 |   2.2 |  18.6 |  65.2 | 861.3
               +-------+-------+-------+-------+-------+----------------------

Table legend:
 A = Kills in this place as a percentage of kills in entire the game.
 B = Kills by you in this place as a percentage of kills by you in the entire game.
 C = Kills by friends in this place as a percentage of kills by friends in the entire game.
 D = Other kills in this place as a percentage of other kills in the entire game.
 E = Experience gained in this place as a percentage of experience gained in the entire game.
 F = Experience gained in this place divided by the number of levels of this place that you have seen.
                   A       B       C       D       E      F
               +-------+-------+-------+-------+-------+----------------------
         Total | 100.0 | 100.0 |   N/A |   N/A | 100.0 | 451.3
       Dungeon | 100.0 | 100.0 |   N/A |   N/A | 100.0 | 451.3
               +-------+-------+-------+-------+-------+----------------------
